Map: Pillars of Gold LE

Players

Massa

  • Race: Terran Terran
  • League: Platinum
  • Spawn Location: 1:00

SiLo - Winner!

  • Race: Terran Terran
  • League: Platinum
  • Spawn Location: 7:00

VOD

Have the link to the VOD?

Description

Time

  • Played on: Jan. 29, 2021, 3:44 p.m.
  • Length: 14:45
Show
View Real Time Build Order
Export as new Build Order

Massa Terran 

Build Orders:  

Get SALT Encoding   

  12  0:00  SCV  
  13  0:12  SCV  
  14  0:24  SCV  
  14  0:25  Supply Depot  
  15  0:45  Refinery  
  15  0:47  SCV, Barracks  
  16  0:59  SCV  
  17  1:11  SCV  
  18  1:23  SCV  
  19  1:36  SCV  
  20  1:44  Command Center  
  20  1:48  Orbital Command  
  20  1:52  Barracks Reactor  
  20  2:17  SCV  
  20  2:21  Factory  
  21  2:23  Supply Depot  
  21  2:28  Marine  
  23  2:34  Reaper  
  23  2:45  SCV  
  23  2:46  Marine  
  23  2:57  SCV  
  23  3:04  Marine  
  24  3:05  Marine  
  22  3:21  Marine  
  22  3:23  Marine  
  22  3:25  Barracks x2  
  21  3:39  Marine  
  21  3:41  Marine  
  21  3:51  SCV  
  21  3:57  Hellion, Marine  
  21  3:59  Marine  
  24  4:03  SCV  
  24  4:04  Orbital Command  
  25  4:15  SCV  
  26  4:27  SCV  
  26  4:29  Starport, Barracks Tech Lab  
  27  4:34  Hellion x2  
  31  4:38  SCV  
  31  4:39  SCV  
  33  4:50  SCV  
  33  4:51  SCV  
  35  4:55  Hellion  
  37  5:10  SCV x2  
  37  5:13  Refinery  
  37  5:14  Banshee  
  39  5:17  Barracks Tech Lab  
  39  5:20  Widow Mine  
  44  5:22  SCV x2  
  46  5:34  SCV  
  41  5:43  SCV  
  41  5:46  SCV  
  43  5:56  SCV  
  44  5:58  SCV  
  44  5:59  Command Center  
  45  6:05  Supply Depot  
  45  6:06  Supply Depot  
  45  6:09  SCV, Engineering Bay  
  46  6:11  Barracks Tech Lab  
  46  6:13  Barracks Reactor  
  46  6:27  Banshee, SCV x2  
  51  7:10  SCV  
  51  7:11  SCV  
  53  7:19  Marine, Medivac  
  53  7:20  Marine  
  53  7:21  Marauder, Marine x2  
  53  7:22  SCV, Siege Tank  
  65  7:23  SCV  
  65  7:26  Refinery  
  65  7:28  Missile Turret  
  66  7:31  Refinery, Terran Infantry Weapons Level 1, Missile Turret  
  66  7:34  SCV  
  66  7:35  SCV  
  68  7:37  Marine x2  
  68  7:39  Marine  
  68  7:42  Marauder  
  73  7:46  SCV  
  73  7:47  SCV  
  73  7:49  Marine  
  73  7:52  SCV  
  73  7:54  Siege Tank  
  73  7:57  Refinery x2  
  77  8:02  Supply Depot  
  77  8:05  Supply Depot  
  77  8:20  Planetary Fortress  
  77  8:23  SCV, Marine x2, Viking  
  77  8:24  Marauder  
  77  8:27  Supply Depot  
  86  8:50  Siege Tank  
  86  8:51  Marine x3  
  88  9:08  Marine  
  88  9:09  Marine  
  59  9:26  Marine  
  59  9:27  Marine, Command Center  
  57  9:34  Barracks  
  55  9:38  Command Center  
  40  9:54  Factory Tech Lab  
  33  10:23  Marine x2  
  33  10:26  Siege Tank  
  33  10:27  Marine  
  36  10:38  Viking  
  36  10:40  Marine  
  36  10:41  Marine  
  40  10:43  Barracks x2  
  40  10:45  Barracks, Marine  
  40  10:46  Barracks  
  38  10:58  Siege Tank  
  38  11:03  Orbital Command, Marine  
  42  11:09  Orbital Command  
  42  11:10  SCV  
  43  11:21  Marine, Viking  
  46  11:32  Orbital Command, Marine  
  46  11:33  Marine x5  
  46  11:36  Barracks  
  46  11:37  Barracks  
  46  11:39  Marine  
  53  11:50  Marine  
  53  11:51  Marine x2, Liberator  
  57  12:07  Marine x4  
  61  12:22  Supply Depot x2  
  61  12:23  Supply Depot  
  61  12:26  Supply Depot  
  61  12:43  Marine x5  
  61  12:44  SCV x3, Marine, Siege Tank  
  69  12:45  Supply Depot  
  69  12:48  Supply Depot  
  73  12:56  SCV x3  
  76  13:08  SCV  
  76  13:11  Barracks Reactor, Barracks Tech Lab  
  64  13:26  Barracks Tech Lab  
  44  14:43  Command Center  
Show
View Real Time Build Order
Export as new Build Order

SiLo Terran - Winner!

Build Orders: Gas First Reaper Expand 

Get SALT Encoding   

  12  0:00  SCV  
  13  0:12  SCV  
  14  0:20  Supply Depot  
  14  0:28  SCV  
  14  0:33  Refinery  
  15  0:44  SCV  
  15  0:47  Barracks  
  16  0:56  SCV  
  17  1:14  SCV  
  18  1:28  SCV  
  19  1:35  Reaper  
  20  1:40  Command Center  
  20  1:46  SCV  
  21  1:59  Bunker  
  21  2:07  Reaper  
  21  2:16  Orbital Command  
  21  2:23  Factory  
  21  2:30  Supply Depot  
  21  2:34  Refinery  
  21  3:02  Orbital Command  
  21  3:20  SCV, Factory Tech Lab  
  22  3:32  Reaper  
  23  3:52  SCV  
  23  3:54  Siege Tank  
  26  4:09  SCV  
  26  4:20  SCV, Barracks  
  26  4:21  SCV, Barracks  
  26  4:22  Barracks Reactor  
  26  4:23  Refinery  
  28  4:26  Siege Tank  
  30  4:32  SCV  
  30  4:33  SCV  
  32  4:43  Starport  
  32  4:44  SCV  
  32  4:45  SCV  
  34  4:56  SCV  
  34  4:58  Siege Tank  
  38  5:04  Marine x2  
  40  5:08  SCV x2  
  40  5:09  Barracks Tech Lab  
  40  5:13  Barracks Reactor  
  42  5:20  SCV  
  43  5:22  Marine x2  
  43  5:25  SCV  
  46  5:33  Starport Reactor  
  46  5:36  Supply Depot  
  46  5:39  Stimpack  
  46  5:46  Engineering Bay, Command Center  
  46  5:47  Engineering Bay  
  46  5:48  Supply Depot  
  46  5:58  SCV x2, Marine, Supply Depot  
  46  5:59  Supply Depot  
  49  6:04  Marine  
  49  6:05  Marine  
  49  6:06  Marine  
  49  6:07  Marine  
  49  6:10  SCV  
  54  6:14  Medivac x2  
  54  6:15  Marine  
  54  6:18  SCV  
  60  6:21  Supply Depot  
  60  6:22  SCV, Marine  
  60  6:24  Terran Infantry Weapons Level 1  
  62  6:25  Terran Infantry Armor Level 1  
  62  6:32  Missile Turret  
  62  6:37  Missile Turret  
  61  7:04  Marine x3  
  62  7:13  Marine x2  
  64  7:16  Medivac x2  
  64  7:22  Armory, Marine x3  
  71  7:24  SCV, Supply Depot  
  71  7:25  SCV, Supply Depot  
  73  7:30  Orbital Command  
  73  7:31  Marine  
  73  7:35  Missile Turret  
  73  7:37  SCV x2  
  76  7:41  Combat Shield  
  76  7:54  Refinery, SCV x2  
  76  7:56  Missile Turret  
  78  7:59  Marine  
  78  8:00  Marine x2  
  78  8:04  Marine x2  
  83  8:17  Marine x2  
  83  8:18  Marine  
  86  8:24  Viking x2  
  86  8:26  Siege Tank  
  93  8:27  Marine x2  
  93  8:29  Orbital Command, Terran Infantry Weapons Level 2  
  93  8:32  Terran Infantry Armor Level 2  
  95  8:35  SCV, Marine  
  97  8:42  Marine x2  
  97  8:44  Marine  
  100  8:57  Marine x2  
  101  9:04  Marine  
  101  9:05  Marine  
  101  9:07  Marine  
  92  9:15  Marine x2  
  86  9:22  Marine x2  
  86  9:25  Marine  
  86  9:27  SCV  
  86  9:28  SCV  
  86  9:31  SCV  
  89  9:32  Marine  
  89  9:33  Marine  
  88  9:40  SCV x2, Marine x2  
  88  9:43  Marine  
  93  9:47  Missile Turret  
  93  9:49  Barracks x2  
  93  9:50  Marine x2  
  93  9:51  Barracks  
  91  9:58  Marine x2  
  91  9:59  Missile Turret  
  90  10:01  Marine  
  91  10:08  Marine x2  
  93  10:16  Marine x2  
  93  10:19  Marine  
  96  10:26  Marine x2  
  98  10:44  Marine  
  98  10:45  Marine x4  
  103  10:52  Barracks Reactor x3  
  103  10:53  Siege Tank  
  103  10:54  Viking x2  
  105  11:02  Marine x5  
  110  11:20  Marine x5  
  110  11:23  Command Center  
  110  11:24  Terran Infantry Weapons Level 3, Medivac x2  
  110  11:25  Terran Infantry Armor Level 3, Siege Tank  
  119  11:29  Missile Turret  
  119  11:30  Barracks  
  119  11:32  Barracks  
  122  11:37  Marine  
  122  11:38  Marine x2  
  125  11:43  Marine x2  
  125  11:45  Marine  
  125  11:53  Missile Turret  
  125  11:57  Marine x2  
  125  12:27  Barracks Tech Lab  
  125  12:31  Barracks Reactor  
  125  12:32  Supply Depot  
  125  12:34  Marine x8, Medivac x2, Siege Tank  
  125  12:36  Marine x3  
  143  12:38  Supply Depot x2  
  143  12:39  Supply Depot  
  135  12:52  Marine x8  
  135  12:54  Marine x3  
  146  12:59  Marine  
  147  13:07  Marine  
  147  13:08  Marine  
  147  13:09  Marine x8  
  147  13:12  Marine x3  
  157  13:16  Marine  
  158  13:25  Marine  
  158  13:26  Marine  
  158  13:27  Marine x8  
  158  13:30  Marine x3  
  158  13:31  Viking x2  
  173  13:34  Marine  
  167  13:43  Marine  
  167  13:44  Marine  
  167  13:45  Marine x7  
  167  13:46  Marine  
  167  13:47  Marine x3  
  180  13:52  Marine  
  181  14:00  Siege Tank  
  181  14:01  Marine x2, Viking  
  188  14:12  Armory  
  188  14:31  Starport  
Tags
 
Add a new tag
Caveats
  • Supply blocks, unpowered buildings, or Contaminate may cause inaccurate times.
  • Supply counts are checked every 10 seconds.